Cogmind - Beta 14 @@@ ROGUE MODE // 2024.12.15 @ 22:03:45 Player: thrax Result: Destroyed by G-47 Trooper with Particle Gun Performance ------------- Evolutions (3) 1500 Regions Visited (5) 1000 Robots Destroyed (45) 225 Value Destroyed (1169) 1169 Prototype IDs (1) 20 Alien Tech Used (0) 0 Bonus (38) 38 TOTAL SCORE: 3952 Bonus ------- High Alert Combat Kills 38 Cogmind --------- Core Integrity 0/700 Matter 25/300 Energy 91/100 System Corruption 19% Temperature Cool (35) Movement Core (50) Location -7/Factory Parts ------- > --- POWER (1) -------- (None) > --- PROPULSION (4) --- (None) > --- UTILITY (5) ------ Improved Salvage Targeting Computer Target Analyzer Transmission Jammer Dynamic Insulation System > --- WEAPON (3) ------- (None) > --- INVENTORY (5) ---- Wheel Improved Cesium-ion Thruster Reaction Control System Improved Propulsion Shielding Remote Datajack Peak State ------------ > --- POWER ------------ Micro Nuclear Core > --- PROPULSION ------- Improved Carbon-fiber Leg Improved Carbon-fiber Leg > --- UTILITY ---------- Improved Salvage Targeting Computer Target Analyzer Transmission Jammer Layered Light Armor Plating Dynamic Insulation System > --- WEAPON ----------- Greatsword > --- INVENTORY -------- Wheel Improved Cesium-ion Thruster Reaction Control System Improved Propulsion Shielding Remote Datajack [Rating: 40] Favorites ----------- Power Ion Engine Engine Ion Engine Power Core Light Nuclear Core Propulsion Aluminum Leg Leg Aluminum Leg Wheel Wheel Flight Unit Improved Flight Unit Utility Small Storage Unit Device Weight Redist. System Storage Small Storage Unit Processor Improved Salvage Targeting Computer Protection Weapon Shielding Weapon Flak Gun Energy Gun Medium Laser Ballistic Gun Flak Gun Launcher Rocket Launcher Special Weapon Remote Datajack Slashing Weapon Greatsword Build | -11 -10 -9 -9 -8 -7 ------- Run | Yrd Mat Mat Min Mat Fac Slots Evolved 6 | . . 2 . 2 2 Power . | . . . . . . Propulsion 2 | . . 1 . 1 . Utility 3 | . . 1 . 1 1 Weapon 1 | . . . . . 1 Parts Attached 84 | 5 6 22 5 19 27 Power 12 | 1 1 2 2 1 5 Engine 7 | 1 1 2 2 1 . Core 5 | . . . . . 5 Reactor . | . . . . . . Propulsion 29 | 2 . 9 2 10 6 Treads . | . . . . . . Leg 19 | 2 . 9 2 3 3 Wheel 3 | . . . . . 3 Hover . | . . . . . . Flight 7 | . . . . 7 . Utility 19 | . 2 2 . 5 10 Device 10 | . 1 1 . 2 6 Storage 2 | . 1 . . 1 . Processor 4 | . . 1 . 2 1 Hackware . | . . . . . . Protection 3 | . . . . . 3 Artifact . | . . . . . . Weapon 24 | 2 3 9 1 3 6 Energy Gun 5 | . 1 3 . . 1 Energy Cannon . | . . . . . . Ballistic Gun 12 | 2 1 2 1 3 3 Ballistic Cannon . | . . . . . . Launcher 5 | . 1 4 . . . Special Weapon 1 | . . . . . 1 Impact Weapon . | . . . . . . Slashing Weapon 1 | . . . . . 1 Piercing Weapon . | . . . . . . Special Melee Weapon . | . . . . . . Unidentified Prototypes 1 | . . . . 1 . Corrupted Parts 1 | . . . . . 1 System Corruption 2 | . . . . . 2 Parts Lost 29 | . . 3 . 6 20 Power 5 | . . 1 . 2 2 Propulsion 8 | . . 1 . 1 6 Utility 9 | . . 1 . 2 6 Weapon 7 | . . . . 1 6 Highest Loss Streak 5 | . . 2 . 3 5 To Critical Strikes 1 | . . . . 1 . Average Slot Usage (%) 77 | . 85 85 88 84 67 Engine 6 | . 13 9 11 8 . Core 1 | . . . . . 4 Leg 16 | . 28 29 33 6 6 Wheel 3 | . . . . . 9 Flight 5 | . . . . 20 6 Device 9 | . 1 12 11 13 10 Storage 7 | . 13 11 11 9 1 Processor 6 | . . 4 11 10 7 Protection 3 | . . . . . 6 Energy Gun 3 | . 13 3 . . . Ballistic Gun 9 | . 14 9 . 12 9 Launcher 2 | . . 6 11 3 . Peak Build Rating 40 | 5 8 12 13 35 40 Average Rating 18 | 3 6 9 11 23 27 On Entrance 9 | . 5 8 11 13 21 Naked Turns . | . . . . . . Heaviest Build 25 | 8 14 14 17 25 21 Greatest Support 55 | 20 26 36 36 55 36 Greatest Overweight (x) 8 | . . . . 8 5 Average Overweight (x) . | . . . . . . Largest Inventory Capacity 8 | 5 8 8 8 8 8 Average Capacity 6 | 5 7 8 8 8 5 Most Carried 8 | 3 8 7 8 8 8 Average Carried 5 | 1 7 4 3 6 5 Final Capacity 8 | 5 8 8 8 8 5 Final Carried 8 | 3 8 7 3 7 5 Class Distribution -------------------- 63% | Mutant 29% | Scavenger-Mutant 3% | Tank Dominant Class ---------------- Mutant | -10/Materials Scavenger-Mutant | -9/Materials Scavenger-Mutant | -9/Mines Mutant | -8/Materials Mutant | -7/Factory Resources | -11 -10 -9 -9 -8 -7 ----------- Run | Yrd Mat Mat Min Mat Fac Matter Collected 1314 | 142 111 247 143 235 436 Remotely . | . . . . . . Salvage Created 1055 | . 154 449 11 138 303 Parts 81 | . 8 33 6 13 21 Haulers Intercepted 1 | . 1 . . . . Recyclers Shooed 2 | . 1 . . 1 . Parts Field Recycled . | . . . . . . Retrieved Matter . | . . . . . . Parts Self-Destructed . | . . . . . . Prevented . | . . . . . . Kills | -11 -10 -9 -9 -8 -7 ------- Run | Yrd Mat Mat Min Mat Fac Combat Hostiles Destroyed 37 | . 5 16 3 6 7 Melee 1 | . . . . . 1 Guns 18 | . 3 6 . 3 6 AOE 18 | . 2 10 3 3 . Classes Destroyed 11 | . 3 4 1 1 2 Worker 4 | . . 1 . 1 2 Builder 1 | . . 1 . . . Tunneler 1 | . . . 1 . . Hauler 1 | . 1 . . . . Watcher 1 | . . . . 1 . Swarmer 16 | . 3 7 3 3 . Grunt 12 | . 2 5 . 3 2 Duelist 1 | . . 1 . . . Sentry 3 | . . 3 . . . Hunter 3 | . . . . . 3 Programmer 2 | . . . . . 2 Best Kill Streak 8 | . 3 8 4 5 3 Combat Bots Only 7 | . 3 7 3 3 2 Max Kills in Single Turn 4 | . 2 3 3 4 2 Gunslinging 1 | . 1 . . . . Exploded 3 | . 1 3 2 3 . Melee 1 | . . . . . 1 Uniques/NPCs Destroyed . | . . . . . . Combat | -11 -10 -9 -9 -8 -7 -------- Run | Yrd Mat Mat Min Mat Fac Hostile Shots Fired 505 | . 11 83 6 100 305 Missed 180 | . 5 30 2 28 115 Damage Taken 4738 | . 59 1033 61 933 2652 Core 1131 | . . 282 10 127 712 Absorbed by Shields . | . . . . . . Redirected to Shielding 156 | . . . . . 156 Core Remaining (%) 75 | 100 100 . 27 76 . Volleys Fired 117 | . 26 32 3 17 39 Largest 3 | . 2 2 1 2 3 Hottest 83 | . 80 70 33 56 83 Shots Fired 193 | . 51 46 3 33 60 Gun 173 | . 48 36 . 30 59 Cannon . | . . . . . . Launcher 19 | . 3 10 3 3 . Special 1 | . . . . . 1 Kinetic 136 | . 22 31 . 30 53 Thermal 31 | . 26 5 . . . Explosive 19 | . 3 10 3 3 . Electromagnetic 6 | . . . . . 6 Robot Hit Streak 14 | . 12 8 2 5 14 Robot Miss Streak 11 | . 3 2 1 4 11 Penetration Max . | . . . . . . Secondary Targets 2 | . 2 . . . . Max Gunslinging Chain 1 | . 1 . . . . Shots Hit Robots 138 | . 28 30 2 28 50 Core Hits 115 | . 11 28 5 29 42 Critical Kills 1 | . . 1 . . . Critical Parts Destroyed . | . . . . . . Critical Strikes 2 | . 1 1 . . . Burn 1 | . 1 . . . . Destroy 1 | . . 1 . . . Melee Attacks 4 | . . . . . 4 Impact . | . . . . . . Slashing 4 | . . . . . 4 Piercing . | . . . . . . Sneak Attacks . | . . . . . . Combat Hostiles . | . . . . . . Follow-up Attacks . | . . . . . . Damage Inflicted 2988 | . 525 768 274 702 719 Guns 1733 | . 361 283 . 463 626 Cannons . | . . . . . . Explosions 1155 | . 164 482 270 239 . Melee 52 | . . . . . 52 Ramming 48 | . . 3 4 . 41 Kinetic 1422 | . 161 235 . 463 563 Thermal 248 | . 200 48 . . . Explosive 1155 | . 164 482 270 239 . Electromagnetic 63 | . . . . . 63 Impact . | . . . . . . Slashing 52 | . . . . . 52 Piercing . | . . . . . . Highest Corruption 19 | . . . . 3 19 Average Corruption 7 | . . . . 3 8 Corruption Purged . | . . . . . . Corruption Blocked . | . . . . . . Effects 36 | . . . . 1 35 Message Errors 11 | . . . . . 11 Matter Fused 3 | . . . . 1 2 Heat Flow Errors 4 | . . . . . 4 Energy Discharges 6 | . . . . . 6 Parts Rejected 2 | . . . . . 2 Data Loss (minor) 3 | . . . . . 3 Data Loss (major) 2 | . . . . . 2 Misdirections 4 | . . . . . 4 Weapon Failures 1 | . . . . . 1 Overload Shots . | . . . . . . Overflow Damage 21 | . . . 11 10 . Projectiles . | . . . . . . Explosions 21 | . . . 11 10 . Melee . | . . . . . . Knockbacks . | . . . . . . Impact . | . . . . . . Kinetic . | . . . . . . Secondary . | . . . . . . Self-Inflicted Damage 125 | . . 63 26 17 19 Shots 5 | . . 3 1 1 . Rammed 6 | . . . . . 6 Targets Rammed 12 | . . 4 2 . 6 Kicked 6 | . . 4 2 . . Crushed . | . . . . . . Highest Temperature 246 | . 79 13 . 61 246 Average Temperature 34 | . 20 5 . 31 79 Received Heat Transfer 1056 | . 15 138 12 360 531 Siege Activations . | . . . . . . Robots Corrupted . | . . . . . . Combat Hostiles . | . . . . . . Parts Fried 1 | . . . . . 1 Impact Corruptions . | . . . . . . Robots Melted . | . . . . . . Combat Hostiles . | . . . . . . Parts Melted . | . . . . . . Heat Transferred 802 | . 666 136 . . . Parts Sabotaged . | . . . . . . Parts Stolen . | . . . . . . Parts Stripped . | . . . . . . Power Chain Reactions . | . . . . . . Alert | -11 -10 -9 -9 -8 -7 ------- Run | Yrd Mat Mat Min Mat Fac Peak Influence 509 | . 107 509 350 320 167 Initial 156 | . . 44 156 136 122 Average 128 | . 13 231 282 268 79 Maximum Alert Level 2 | . . 2 1 1 . Low Security (%) 72 | 100 100 46 . 12 100 Level 1 24 | . . 35 100 87 . Level 2 2 | . . 17 . . . Level 3 . | . . . . . . Level 4 . | . . . . . . Level 5 . | . . . . . . High Security . | . . . . . . Max Security . | . . . . . . Squads Dispatched 11 | . 1 3 . . 7 Investigation 5 | . 1 . . . 4 Extermination 2 | . . . . . 2 Reinforcement 4 | . . 3 . . 1 Assault . | . . . . . . Garrison . | . . . . . . Intercept . | . . . . . . Searches Triggered . | . . . . . . Construction Impeded 1 | . . 1 . . . Haulers Reinforced . | . . . . . . Active Scanning Responses . | . . . . . . Cargo Convoy Interrupts . | . . . . . . Stealth | -11 -10 -9 -9 -8 -7 --------- Run | Yrd Mat Mat Min Mat Fac Distress Signals 2 | . . 2 . . . Communications Jammed . | . . . . . . Distress Signals . | . . . . . . Times Spotted 76 | . 8 26 6 16 20 Peak Tracking Total 9 | . 3 6 3 9 8 Tactical Retreats 5 | . . 1 3 . 1 Traps | -11 -10 -9 -9 -8 -7 ------- Run | Yrd Mat Mat Min Mat Fac Traps Triggered . | . . . . . . Indirectly . | . . . . . . Trap Hack Attempts . | . . . . . . Triggered . | . . . . . . Disarmed . | . . . . . . Reprogrammed . | . . . . . . Reused . | . . . . . . Traps Extracted . | . . . . . . Installed . | . . . . . . Triggered . | . . . . . . Machines | -11 -10 -9 -9 -8 -7 ---------- Run | Yrd Mat Mat Min Mat Fac Machines Disabled 1 | . . 1 . . . Max in Single Turn 1 | . . 1 . . . Machines Repaired . | . . . . . . Machines Dismantled . | . . . . . . Machines Sabotaged . | . . . . . . Overloaded Fab Kills . | . . . . . . Hacking | -11 -10 -9 -9 -8 -7 --------- Run | Yrd Mat Mat Min Mat Fac Machines Accessed 10 | . 5 . . . 5 Terminals 8 | . 4 . . . 4 Fabricators 1 | . . . . . 1 Repair Stations . | . . . . . . Recycling Units 1 | . 1 . . . . Scanalyzers . | . . . . . . Garrison Access . | . . . . . . Total Hacks 26 | . 14 . . . 12 Successful 10 | . 7 . . . 3 Failed 16 | . 7 . . . 9 Catastrophic 5 | . 1 . . . 4 Database Lockouts . | . . . . . . Manual . | . . . . . . Terminals 21 | . 11 . . . 10 Fabricators 2 | . . . . . 2 Repair Stations . | . . . . . . Recycling Units 3 | . 3 . . . . Scanalyzers . | . . . . . . Garrison Access . | . . . . . . Terminal Hacks 6 | . 4 . . . 2 Open DSF 1 | . . . . . 1 Alert Level 1 | . 1 . . . . Dispatch Records 1 | . 1 . . . . Transport Status 1 | . 1 . . . . Zone Layout 2 | . 1 . . . 1 Fabricator Hacks 1 | . . . . . 1 Network Status 1 | . . . . . 1 Repair Station Hacks . | . . . . . . Recycling Unit Hacks 3 | . 3 . . . . Process 1 | . 1 . . . . Report Inventory 1 | . 1 . . . . Retrieve Matter 1 | . 1 . . . . Scanalyzer . | . . . . . . Garrison Access Hacks . | . . . . . . Unauthorized Hacks . | . . . . . . Terminals . | . . . . . . Fabricators . | . . . . . . Repair Stations . | . . . . . . Recycling Units . | . . . . . . Scanalyzers . | . . . . . . Garrison Access . | . . . . . . Data Cores Recovered . | . . . . . . Used . | . . . . . . Hacking Detections 8 | . 3 . . . 5 Full Trace Events 5 | . 1 . . . 4 Feedback Events 1 | . . . . . 1 Corruption 1 | . . . . . 1 Feedback Blocked . | . . . . . . Robot Schematics Acquired . | . . . . . . Robots Built . | . . . . . . Authchips . | . . . . . . Time . | . . . . . . Total Robot Build Rating . | . . . . . . Part Schematics Acquired . | . . . . . . Parts Built . | . . . . . . Authchips . | . . . . . . Time . | . . . . . . Total Part Build Rating . | . . . . . . Parts Repaired . | . . . . . . Time . | . . . . . . Parts Recycled . | . . . . . . Recycled Matter 5 | . 5 . . . . Retrieved Matter 5 | . 5 . . . . Retrieved Components . | . . . . . . Parts Scanalyzed . | . . . . . . Part Schematics Acquired . | . . . . . . Parts Damaged . | . . . . . . Bothacking | -11 -10 -9 -9 -8 -7 ------------ Run | Yrd Mat Mat Min Mat Fac Used RIF Installer . | . . . . . . Robots Hacked 1 | . . . . . 1 Non-combat . | . . . . . . Combat 1 | . . . . . 1 Robot Hacks Applied 1 | . . . . . 1 parse_system 1 | . . . . . 1 Relay Couplers Released . | . . . . . . Fabnet Peak Effective % . | . . . . . . Robots Rewired . | . . . . . . Allies Hacked . | . . . . . . Hacks Repelled . | . . . . . . Allies | -11 -10 -9 -9 -8 -7 -------- Run | Yrd Mat Mat Min Mat Fac Total Allies . | . . . . . . Largest Group . | . . . . . . Highest-Rated Group . | . . . . . . Highest-Rated Ally . | . . . . . . Total Orders . | . . . . . . Ally Attacks . | . . . . . . Total Damage . | . . . . . . Kills . | . . . . . . Allies Corrupted . | . . . . . . Allies Melted . | . . . . . . Intel | -11 -10 -9 -9 -8 -7 ------- Run | Yrd Mat Mat Min Mat Fac Robot Analysis Total . | . . . . . . Derelict Logs Recovered 1 | . . . 1 . . Drone Launches . | . . . . . . Drone Recoveries . | . . . . . . Exploration | -11 -10 -9 -9 -8 -7 ------------- Run | Yrd Mat Mat Min Mat Fac Turns Passed 3478 | 72 670 510 363 365 1498 Spaces Moved 2480 | 57 478 276 286 264 1119 Core 38 | 9 . . . 3 26 Treads . | . . . . . . Legs 1518 | 48 478 276 286 38 392 Wheels 353 | . . . . . 353 Hover . | . . . . . . Flight 571 | . . . . 223 348 Fastest Speed 31 | 50 120 120 120 31 37 Average Speed 101 | 108 120 120 120 99 84 Slowest Speed 450 | 120 120 120 120 450 300 Overloaded Moves . | . . . . . . Propulsion Burnouts . | . . . . . . Robots Hopped 5 | . . . . . 5 Cave-ins Triggered . | . . . . . . Exploration Rate (%) 32 | 5 72 30 48 19 22 Regions Visited 5 Branch Regions 1 Pre-discovered Areas 1 | . . . 1 . . Known Exits Taken . | . . . . . . Unknown Exits Taken 5 | 1 1 1 1 1 . Scrap Searched 1 | . . . 1 . . Spaces Dug . | . . . . . . Terrain Destroyed 145 | . 28 63 27 27 . Melee . | . . . . . . Projectile . | . . . . . . AOE 145 | . 28 63 27 27 . Terrain Rammed . | . . . . . . Walls Destroyed . | . . . . . . Machines Disabled . | . . . . . . Actions | -11 -10 -9 -9 -8 -7 --------- Run | Yrd Mat Mat Min Mat Fac Total 3241 | 65 524 410 305 338 1599 Wait 462 | . . 63 . 7 392 Move 2465 | 56 477 275 285 263 1109 Hop 5 | . . . . . 5 Pick Up 31 | 4 9 3 1 8 6 Fast Attach 45 | 4 3 6 1 12 19 Attach 23 | 1 1 9 2 2 8 Detach 22 | . 1 6 2 9 4 Swap 16 | . 2 7 2 5 . Drop 38 | . 5 5 6 15 7 Fire 117 | . 26 32 3 17 39 Melee 4 | . . . . . 4 Ram 6 | . . . . . 6 Kick 6 | . . 4 2 . . Crush . | . . . . . . Escape Stasis . | . . . . . . Rewire 1 | . . . 1 . . Trap . | . . . . . . Miscellaneous . | . . . . . . Route ------- -11/Scrapyard -10/Materials (discovered 3 exits: *Mat / [*Min x2]) -9/Materials -9/Mines -8/Materials -7/Factory History --------- Turn | Location | Event 7 | -11/Scrapyard | Discovered new exit (range 16) 73 | -11/Scrapyard | Entered Materials 130 | -10/Materials | Discovered new exit (range 15) 315 | -10/Materials | Build established: Mutant 616 | -10/Materials | Discovered new exit (range 8) 705 | -10/Materials | Discovered new exit (range 8) 743 | -10/Materials | Entered another Materials area 743 | -9/Materials | Evolved 2 slots: Propulsion x1, Utility x1 829 | -9/Materials | Core integrity fell below 50% 1018 | -9/Materials | Destroyed 7 combat bots 1171 | -9/Materials | Build established: Scavenger-Mutant 1235 | -9/Materials | Discovered new exit (range 16) 1253 | -9/Materials | Entered Mines 1301 | -9/Mines | Discovered new exit (range 3) 1465 | -9/Mines | Learned location of Storage (-9) 1616 | -9/Mines | Entered Materials 1616 | -8/Materials | Evolved 2 slots: Propulsion x1, Utility x1 1948 | -8/Materials | Build established: Mutant 1964 | -8/Materials | Discovered new exit (range 16) 1969 | -8/Materials | Lost 3 parts (1p1n1u) 1981 | -8/Materials | Entered Factory 1981 | -7/Factory | Evolved 2 slots: Utility x1, Weapon x1 2426 | -7/Factory | Lost 3 parts (1n1u1w) 3128 | -7/Factory | System corruption reached 10% 3206 | -7/Factory | Lost 3 parts (1p1u1w) 3279 | -7/Factory | Lost 4 parts (1n1u2w) 3464 | -7/Factory | Core integrity fell below 50% 3477 | -7/Factory | Core integrity fell below 20% 3479 | -7/Factory | Destroyed by G-47 Trooper with Particle Gun Last Messages --------------- Feedback: System corruption (+1%). 03403_ ALERT: Suspicious activity at Terminal F009. Dispatching Investigation squad. 03415_ 0QW,FRVC%OIDNOFF=EWNEZGIDCK4Y3G0KBXG 03433_ Connecting with DSF Access... 03433_ ALERT: Suspicious activity at Terminal F024. Dispatching Investigation squad. 03441_ 82|G1OT,EE/TY:GO6SVKF 03455_ Imp. Carbon-fiber Leg destroyed. 03455_ Critical hit (Burn: +37). 03457_ Imp. Carbon-fiber Leg destroyed. 03459_ Critical hit (Burn: +37). 03461_ Greatsword destroyed. 03464_ FK AD/UX=EZLZJVQ0SZL%D0J3NINLKB=N 03469_ K-01 Serf cleans the Matter Pump. 03471_ Lyr. Light Armor Plating destroyed. 03474_ T-07 Excavator destroyed. 03476_ Mic. Nuclear Core destroyed. 03477_ Critical hit (Burn: +37). 03479_ System corrupted: Component data lost. Map ----- +----------------------------------------------------+ | | | | | | | | | | | | | | | | | | | | | | | | | | | | | ?????????????????????????????????????????????????? | | ?????????????????????????????????????????????????? | | ????????????????????????????????????###########??? | | ????????????????????????????????????# [ ##T #### | | ???????????????????????############## | | ???????????????????????# | | ???????????????????????# ### | | ???????????????????????# #?# ######## | | ???????????????????????# !!! #?#######??????? | | ???????????????????????# !! #??????????????? | | ?????????# ##### !! #??????????????? | | ?????????# g @ #??????????????? | | ????????? g g ![ #??????????????? | | ????????? T" gg g ![ +????????????? | | ???????????? " %! [ #????????????? | | ???????????? ! #????????????? | | ??????????? g +????????????? | | ??????????? k a #????????????? | | ???????????[ ## """ #????????????? | | ????????????##+####?# """ #????????????? | | ????????????????????# """ ???????????? | | ????????????????????# ???????????? | | ????????????????????# r "?? ! ??????????? | | ????????????????????# "?? ????????????? | | ????????????????????# "?? ???????????? | | ????????????????????# ??? ? ?????????? | | ?????????????????????? ????????? ???????? | | ??????????????????????????????????????# ?????? | | ??????????????????????????????????????# #### | | ??????????????????????????????????????# | | ??????????????????????????????????????# #### | | ??????????????????????????????????????# ?????? | | ??????????????????????????????????????# ???????? | | ??????????????????????????????????????# ?????????? | | ?????????????????????????????????????????????????? | | ?????????????????????????????????????????????????? | +----------------------------------------------------+ Best States ------------- Heat Dissipation 88 Energy Generation 15 Energy Capacity 250 Matter Stores 192 Matter Capacity 300 Sight Range 20 Robot Scan Range 15 Terrain Scan Density 10 Jamming Range 12 Additional Mass Support 6 EM Shielding 2 Armor Coverage 150 Propulsion Shielding 66 Weapon Shielding 33 Evasion (%) 63 Target Analysis 5 Salvage Targeting 2 Item Schematics ----------------- None Robot Schematics ------------------ None Fabricated ------------ Nothing Alien Tech Used ----------------- None Achievements -------------- None Challenges ------------ None Game ------ Seed InertialHeartThruster Manual? 0 Play Time 00:51:56 Cumulative 20.4 hours Start 2024.12.15 @ 00:35:49 End 2024.12.15 @ 22:03:45 Sessions 3 Manual Loads 0 Difficulty Rogue Special Mode None Game No. 23 Rogue 17 Adventurer 6 Explorer 0 Win Type - Total 0 Types 0/0/0/0/0/0/0/0/0 Lore% 14 Gallery% 23 Achievement% 25 Wizard Run 0 Options --------- Layout 0 ASCII 0 Keyboard 1 Movement Numpad Keybinds 0 Fullscreen 2 Font 36/Smallcaps Map View 76x50 Zoom Use 0% Tactical HUD 1 Map Filters NONE Filters NONE Steam 1 RUN: 3aaa2efe-60dc-4e2d-8b7f-c659c5acc414